 Dungeon Crawl Stone Soup version 0.22-a0-305-gd21a89c (webtiles) character file.

6332 b5mith the Fighter (level 10, -1/91 HPs)
             Began as a Minotaur Berserker on Mar 30, 2018.
             Was a High Priest of Trog.
             Slain by a white ugly thing (24 damage)
             ... on level 11 of the Dungeon.
             The game lasted 00:25:36 (10128 turns).

b5mith the Fighter (Minotaur Berserker)            Turns: 10128, Time: 00:25:37

Health: -1/91      AC: 16    Str: 25    XL:     10   Next: 64%
Magic:  0/9        EV: 15    Int:  4    God:    Trog [*****.]
Gold:   163        SH:  0    Dex: 10    Spells: 9/9 levels left

rFire    . . .     SeeInvis .   a - +1 long sword
rCold    . . .     Gourm    .   (no shield)
rNeg     . . .     Faith    .   m - +0 steam dragon scales
rPois    +         Spirit   +   A - +2 hat
rElec    .         Reflect  .   U - +1 cloak
rCorr    .         Harm     .   N - +0 pair of gloves
MR       .....                  x - +0 pair of boots
Stlth    +.........             F - amulet of guardian spirit
HPRegen  0.25/turn              v - +2 ring of protection
MPRegen  0.11/turn              k - ring of poison resistance

@: no status effects
A: retaliatory headbutt, horns 2
a: Berserk, Trog's Hand, Brothers in Arms, Renounce Religion


You were on level 11 of the Dungeon.
You worshipped Trog.
Trog was extremely pleased with you.
You were not hungry.

You visited 1 branch of the dungeon, and saw 11 of its levels.
You also visited: Sewer.

You collected 457 gold pieces.
You spent 294 gold pieces at shops.

Inventory:

Hand Weapons
 a - a +1 long sword (weapon)
 b - a +0 hunting sling
Missiles
 g - 220 stones
 h - 2 javelins of penetration
 l - 16 tomahawks (quivered)
Armour
 m - +0 steam dragon scales (worn)
 n - a +0 chain mail
 x - a +0 pair of boots (worn)
 A - a +2 hat (worn)
 N - a +0 pair of gloves (worn)
 U - a +1 cloak (worn)
Jewellery
 k - a ring of poison resistance (right hand)
 v - a +2 ring of protection (left hand)
 F - an amulet of guardian spirit (around neck)
 O - an uncursed ring of protection from cold
 T - an uncursed ring of flight
Wands
 i - a wand of flame (24)
 q - a wand of digging (17)
 y - a wand of iceblast (11)
 C - a wand of random effects (23)
 M - a wand of paralysis (21)
Scrolls
 e - 4 scrolls of identify {@r1}
 o - 3 scrolls of blinking
 p - a scroll of remove curse {@r2}
 r - a scroll of magic mapping
 t - 5 scrolls of teleportation
 z - 4 scrolls of enchant armour
 G - 2 scrolls of enchant weapon
Potions
 d - 2 potions of haste {unknown}
 s - a potion of cancellation {unknown}
 u - 7 potions of heal wounds
 D - a potion of lignification
 E - 2 potions of flight {unknown}
 H - a potion of brilliance {unknown}
 I - 3 potions of curing {@q1}
 J - a potion of might
 L - a potion of agility {unknown}
 P - a potion of ambrosia {unknown}
Miscellaneous
 f - a lamp of fire
Comestibles
 c - 22 rations
 j - 7 chunks of flesh


   Skills:
 + Level 9.6 Fighting
 + Level 9.5 Long Blades
 + Level 7.3 Slings
 + Level 9.2 Armour
 + Level 8.3 Dodging


You had 9 spell levels left.
You didn't know any spells.

Dungeon Overview and Level Annotations

Branches:
Dungeon (11/15)            Temple (0/1) D:4             Orc (0/2) D:9
   Lair: D:8-11

Altars:
Elyvilon
Hepliaklqana
Makhleb
Nemelex Xobeh
Sif Muna
Trog
Uskayaw
Zin
The Shining One

Shops:
D:9 ?


Innate Abilities, Weirdness & Mutations

You reflexively headbutt those who attack you in melee.
You have a pair of horns on your head.


Message History

You hit the white ugly thing. You headbutt the white ugly thing.
The white ugly thing is severely wounded.
The white ugly thing misses you.
You hit the white ugly thing.
The white ugly thing is almost dead.
The white ugly thing barely misses you.
You closely miss the white ugly thing.
The white ugly thing is almost dead.
The white ugly thing tail-slaps you! The white ugly thing freezes you!!
You hit the white ugly thing.
Your headbutt misses the white ugly thing.
The white ugly thing is almost dead.
The white ugly thing tail-slaps you. The white ugly thing freezes you!!
* * * LOW HITPOINT WARNING * * *
You slash the white ugly thing!
The white ugly thing is almost dead.
The white ugly thing tail-slaps you!
* * * LOW HITPOINT WARNING * * *
The white ugly thing freezes you!!
You die...

######..# #.#
#..# #.# #..#
#.# #..# #.#
#..# #.# #..#
#.# #..#
########.####..#
.......@.......#
######u........#
...(.#########
.(### ... (( .


You could see a white ugly thing.

Vanquished Creatures
  A two-headed ogre (D:9)
  Maurice (D:10)
  A hornet (D:10)
  Prince Ribbit (D:6)
  A wyvern (D:10)
  A wraith (D:10)
  6 yaks (D:8)
  A steam dragon (D:10)
  2 soldier ants (D:10)
  An orc warrior (D:9)
  2 ice beasts
  2 sky beasts (D:6)
  5 ogres
  2 centaurs
  2 crocodiles
  5 big kobolds (Sewer)
  A bullfrog (D:6)
  3 scorpions
  8 wights
  An electric eel (D:8)
  6 crimson imps
  2 bullfrog zombies
  2 lava snakes (D:10)
  4 hounds
  3 jellies (D:8)
  A centaur skeleton (D:9)
  4 orc priests
  3 orc wizards (D:8)
  A bullfrog skeleton (D:9)
  7 worker ants
  4 iguanas
  2 hound zombies (D:7)
  7 adders
  4 gnolls (D:7)
  3 shadow imps
  6 oozes
  An adder skeleton (D:6)
  An adder zombie (D:2)
  6 dart slugs
  7 leopard geckos
  12 orcs
  3 ball pythons
  8 bats
  6 giant cockroaches
  10 goblins
  5 hobgoblins
  12 jackals
  4 quokkas
  5 frilled lizards
  16 kobolds
  A quokka skeleton (D:9)
  A quokka zombie (D:8)
  10 rats
214 creatures vanquished.

Notes
Turn   | Place    | Note
-------+----------+-------------------------------------------
     0 | D:1      | b5mith the Minotaur Berserker began the quest for the Orb.
     0 | D:1      | Reached XP level 1. HP: 19/19 MP: 0/0
   270 | D:1      | Reached XP level 2. HP: 23/27 MP: 1/1
   923 | D:1      | Reached XP level 3. HP: 30/33 MP: 2/2
  1186 | D:2      | Reached ** piety under Trog
  1295 | D:2      | Reached XP level 4. HP: 24/40 MP: 3/3
  2767 | D:3      | Found a hazy altar of Hepliaklqana.
  2793 | D:4      | Noticed an ogre
  2800 | D:4      | Killed an ogre
  2800 | D:4      | Reached XP level 5. HP: 37/47 MP: 4/4
  2813 | D:4      | Reached skill level 5 in Fighting
  2813 | D:4      | Reached skill level 5 in Long Blades
  3132 | D:4      | Found a staircase to the Ecumenical Temple.
  3286 | D:5      | Entered Level 5 of the Dungeon
  3437 | D:5      | Reached XP level 6. HP: 56/56 MP: 5/5
  3482 | D:5      | Reached *** piety under Trog
  3523 | D:5      | Reached skill level 1 in Slings
  3679 | D:5      | Found a burning altar of Makhleb.
  3812 | D:5      | Found a white marble altar of Elyvilon.
  3812 | D:5      | Found a glowing golden altar of the Shining One.
  3813 | D:5      | Found a glowing silver altar of Zin.
  4197 | D:6      | Noticed Prince Ribbit
  4227 | D:6      | Killed Prince Ribbit
  4227 | D:6      | Reached skill level 5 in Armour
  4227 | D:6      | Reached XP level 7. HP: 38/62 MP: 6/6
  4492 | D:6      | Found a hide-covered altar of Uskayaw.
  4613 | D:6      | Reached skill level 5 in Dodging
  4641 | D:6      | Reached XP level 8. HP: 63/71 MP: 7/7
  4750 | D:6      | Found a glowing drain.
  4804 | Sewer    | Entered a sewer
  4946 | Sewer    | Reached **** piety under Trog
  5055 | Sewer    | Received a gift from Trog
  5993 | D:7      | Reached XP level 9. HP: 70/79 MP: 8/8
  6420 | D:8      | Reached skill level 5 in Slings
  6487 | D:8      | Found a sparkling altar of Nemelex Xobeh.
  7588 | D:9      | Reached XP level 10. HP: 57/90 MP: 6/9
  7637 | D:9      | Found a bloodstained altar of Trog.
  7644 | D:9      | Noticed a two-headed ogre
  7656 | D:9      | HP: 3/135 [two-headed ogre/giant spiked club (19)]
  7657 | D:9      | Killed a two-headed ogre
  8169 | D:9      | Found a staircase to the Orcish Mines.
  8201 | D:9      | Reached ***** piety under Trog
  8460 | D:9      | Found a sparkling altar of Nemelex Xobeh.
  8642 | D:9      | Found a sparkling altar of Nemelex Xobeh.
  8682 | D:9      | Found Ohyg's Magic Scroll Shop.
  8688 | D:9      | Bought a scroll of teleportation for 42 gold pieces
  8688 | D:9      | Bought a scroll of teleportation for 42 gold pieces
  8688 | D:9      | Bought a scroll of enchant weapon for 105 gold pieces
  8688 | D:9      | Bought a scroll of enchant armour for 105 gold pieces
  8976 | D:10     | Entered Level 10 of the Dungeon
  9049 | D:10     | Noticed Maurice
  9094 | D:10     | Killed Maurice
  9809 | D:10     | Found a deep blue altar of Sif Muna.
 10113 | D:11     | Noticed a white ugly thing
 10128 | D:11     | Slain by a white ugly thing

Vault maps used:
D:1:      minmay_arrival_five_plusses, minmay_misc_feat_iff,
          minmay_misc_feat_pillars
D:2:      minmay_misc_feat_x
D:3:      lemuel_coloured_pillars_altar
D:4:      minmay_temple_entry_statues_pillars, first_ration
D:5:      good_gods_temple_1, makhleb_heckhound_becter, item_on_display_a
D:6:      eat_drink_and_be_merry_uskayaw, portal_sewer_entry_f,
          kennysheep_generic_room_16, uniq_prince_ribbit1
D:8:      basic_altar, hangedman_little_slice_of_home, minivault_4
D:9:      minitemple, david_orc_3, serial_shops,
          nicolae_shop_temple_entry_statues_fountains,
          nemelex_diamond_rough_becter
D:10:     kennysheep_big_flooded_room, basic_altar, uniq_maurice
D:11:     lair_entry_dummy, serial_co_window_serial, co_window_paths_b,
          co_window_paths_a, co_window_paths_b, co_window_of_opportunity_a,
          co_window_of_opportunity_a, co_window_paths_b, co_window_paths_a,
          co_window_2corner, co_window_2corner, co_window_broadway_c,
          co_window_corner_b, co_window_broadway_c, co_window_paths_d,
          glass_columns_c, glass_columns_b, glass_columns_a, glass_columns_a
Sewer:    kennysheep_pipe_town

Skill      XL: |  1  2  3  4  5  6  7  8  9 10 |
---------------+-------------------------------+-----
Fighting       | 4 5 6 7 8 9 |  9.6
Long Blades    | 4 5 6 7 8 9 |  9.5
Armour         | 3 4 5 6 8 9 |  9.2
Dodging        | 3 4 5 6 7 8 |  8.3
Slings         | 2 3 4 6 7 |  7.3

Action                   |  1- 3 |  4- 6 |  7- 9 | 10-12 || total
-------------------------+-------+-------+-------+-------++-------
Melee: Falchion          |    68 |    92 |       |       ||   160
       Headbutt          |     8 |    19 |    68 |    29 ||   124
       Long sword        |       |     9 |   268 |   119 ||   396
 Fire: Hunting sling     |       |    57 |   200 |    84 ||   341
Invok: Berserk           |       |       |       |     3 ||     3
  Use: Scroll            |       |     3 |     5 |     9 ||    17
       Potion            |       |       |     2 |     2 ||     4
 Stab: Distracted        |       |       |     1 |       ||     1
  Eat: Chunk             |     1 |     8 |    10 |     6 ||    25
       Ration            |       |       |     1 |     1 ||     2
Armor: Animal skin       |     9 |       |       |       ||     9
       Chain mail        |    13 |    58 |   168 |    48 ||   287
       Steam dragon scal |       |       |       |     1 ||     1
Dodge: Dodged            |    38 |    48 |   143 |    64 ||   293
       Rpst.: Falchion   |    11 |     9 |       |       ||    20
       Long sword        |       |     1 |    26 |    12 ||    39

Table legend:
 A = Spawn XP
 B = Non-spawn XP
 C = Spawn XP percentage of total XP
 D = Spawn monster count
 E = Non-spawn monster count
 F = Spawn count percentage of total count
 G = Total turns spent on level
                    A         B        C        D         E        F      G
               +---------+---------+-------+---------+---------+-------+---------
         Total |       0 |    9047 |   0.0 |       0 |     214 |   0.0 | 10128
               +---------+---------+-------+---------+---------+-------+---------
           D:1 |       0 |      52 |   0.0 |       0 |      24 |   0.0 |  1144
           D:2 |       0 |      88 |   0.0 |       0 |      24 |   0.0 |   823
           D:3 |       0 |      30 |   0.0 |       0 |      10 |   0.0 |   826
           D:4 |       0 |     209 |   0.0 |       0 |       7 |   0.0 |   493
           D:5 |       0 |     290 |   0.0 |       0 |      12 |   0.0 |   859
           D:6 |       0 |    1345 |   0.0 |       0 |      29 |   0.0 |  1101
           D:7 |       0 |     515 |   0.0 |       0 |      19 |   0.0 |   718
           D:8 |       0 |    2120 |   0.0 |       0 |      31 |   0.0 |  1229
           D:9 |       0 |    1712 |   0.0 |       0 |      18 |   0.0 |  1468
          D:10 |       0 |    2153 |   0.0 |       0 |      16 |   0.0 |  1116
         Sewer |       0 |     533 |   0.0 |       0 |      24 |   0.0 |   315
               +---------+---------+-------+---------+---------+-------+---------
